Map: Stasis LE

Players

Mesrob

  • Race: Terran Terran
  • League: Gold
  • Spawn Location: 11:00

Bloodbyte - Winner!

  • Race: Terran Terran
  • League: Platinum
  • Spawn Location: 1:00

VOD

Have the link to the VOD?

Description

Time

  • Played on: Jan. 15, 2019, 7:35 p.m.
  • Length: 4:49
Show
View Real Time Build Order
Export as new Build Order

Mesrob Terran 

Build Orders:  

Get SALT Encoding   

  12  0:00  SCV  
  13  0:12  SCV  
  14  0:18  Supply Depot  
  14  0:24  SCV  
  15  0:40  Barracks, SCV  
  16  0:52  Refinery, SCV  
  17  1:04  SCV  
  18  1:16  SCV  
  19  1:33  Orbital Command  
  19  1:42  Marine  
  19  1:43  Command Center  
  20  2:00  Bunker  
  20  2:08  SCV  
  20  2:17  Factory  
  20  2:19  Marine  
  21  2:30  Supply Depot  
  21  2:34  SCV  
  21  2:46  Marine  
  18  3:29  Marine  
  19  3:44  Orbital Command  
  19  3:46  SCV  
  20  3:55  Factory Tech Lab  
  20  3:58  SCV  
  21  4:04  Supply Depot  
  21  4:10  SCV  
  21  4:12  Factory  
  22  4:17  Refinery  
  22  4:21  Command Center  
  22  4:22  Marine  
  27  4:24  SCV  
  27  4:28  SCV  
  28  4:36  SCV  
Show
View Real Time Build Order
Export as new Build Order

Bloodbyte Terran - Winner!

Build Orders:  

Get SALT Encoding   

  12  0:01  SCV  
  13  0:14  SCV  
  14  0:19  Supply Depot  
  14  0:26  SCV  
  15  0:30  Refinery  
  15  0:41  SCV  
  16  0:46  Barracks  
  16  0:53  SCV  
  17  1:02  Refinery  
  17  1:05  SCV  
  18  1:17  SCV  
  19  1:32  Orbital Command  
  19  1:33  Reaper  
  20  1:42  Supply Depot  
  20  1:48  Factory  
  20  1:58  SCV  
  21  2:05  Marine  
  22  2:14  SCV  
  23  2:23  Marine  
  23  2:26  SCV  
  25  2:30  Supply Depot  
  25  2:32  Starport, Factory Tech Lab  
  25  2:41  Marine  
  26  2:56  SCV  
  27  3:09  SCV  
  27  3:10  Starport Tech Lab  
  27  3:11  Marine, Siege Tank  
  32  3:30  Marine  
  32  3:31  Banshee  
  36  3:39  Supply Depot  
  35  3:46  Command Center  
  35  4:02  SCV  
  36  4:04  Fusion Core  
  36  4:14  SCV  
  36  4:15  Marine  
  38  4:21  Supply Depot  
  38  4:26  SCV  
Tags
 
Matchup
TvT
Race
Terran
Replay Pack
sc2 replays
Spawn Locations
Close Positions
Add a new tag
Caveats
  • Supply blocks, unpowered buildings, or Contaminate may cause inaccurate times.
  • Supply counts are checked every 10 seconds.